 Dungeon Crawl Stone Soup version 0.26-b1-32-g5d43845318 (webtiles) character file.

Game seed: 11788697422180547484

97 Borgoz the Skirmisher (level 4, -10/40 HPs)
             Began as a Ghoul Fighter on Jan 13, 2021.
             Mangled by an ogre
             ... wielding a +0 giant club
              (28 damage)
             ... on level 3 of the Dungeon.
             The game lasted 00:01:56 (1720 turns).

Borgoz the Skirmisher (Ghoul Fighter)               Turns: 1720, Time: 00:01:56

Health: -10/40     AC:  7    Str: 19    XL:     4   Next: 68%
Magic:  0/3        EV:  7    Int:  3    God:
Gold:   163        SH:  8    Dex:  9    Spells: 3/3 levels left

rFire    . . .     SeeInvis .   a - +0 flail
rCold    + . .     Faith    .   c - +0 kite shield
rNeg     + + +     Spirit   +   b - +0 scale mail
rPois    ∞         Reflect  .   (no helmet)
rElec    .         Harm     .   (no cloak)
rCorr    .         Rampage  .   (no gloves)
Will     +....                  o - +0 pair of boots
Stlth    ..........             m - amulet of guardian spirit
HPRegen  0.00/turn              t - ring of attention (curse)
MPRegen  0.08/turn              n - ring of willpower

@: no status effects
A: claws 1, cold resistance 1, negative energy resistance 3, inhibited
regeneration, torment resistance, unbreathing
a: no special abilities


You were on level 3 of the Dungeon.
You visited 1 branch of the dungeon, and saw 3 of its levels.

You collected 163 gold pieces.

Inventory:

Hand Weapons
 a - a +0 flail (weapon)
Armour
 b - a +0 scale mail (worn)
 c - a +0 kite shield (worn)
 o - a +0 pair of boots (worn)
Jewellery
 e - a +6 ring of intelligence
 m - an amulet of guardian spirit (around neck)
 n - a ring of willpower (right claw)
 t - a cursed ring of attention (left claw)
Scrolls
 h - 3 scrolls of identify {unknown}
 j - 3 scrolls of remove curse {unknown}
 k - a scroll of magic mapping {unknown}
 l - a scroll of fog {unknown}
 p - a scroll of random uselessness {unknown}
 r - 2 scrolls of amnesia {unknown}
 s - 2 scrolls of fear {unknown}
Potions
 d - a potion of might
 f - a potion of brilliance {unknown}
 g - 2 potions of curing
 i - a potion of flight {unknown}
 q - a potion of heal wounds {unknown}
 u - a potion of degeneration {unknown}


   Skills:
 + Level 3.7 Fighting
 * Level 2.9 Maces & Flails
 + Level 3.1 Armour
 + Level 1.2 Dodging
 + Level 3.1 Shields


You had 3 spell levels left.
You didn't know any spells.
Your spell library was empty.

Dungeon Overview and Level Annotations

Branches:
Dungeon (3/15)

Altars:

Annotations:
D:2 Natasha


Innate Abilities, Weirdness & Mutations

You thrive by killing the living.
You are immune to poison.
You have sharp fingernails.
Your flesh is cold resistant. (rC+)
You are immune to negative energy. (rN+++)
You do not regenerate when monsters are visible.
You are immune to unholy pain and torment.
You can survive without breathing.


Message History

The ogre is moderately wounded.
The ogre hits you with a +0 giant club!!
Ouch! That really hurt!
You are too injured to fight recklessly!
You are too injured to fight recklessly!
You are too injured to fight recklessly!
You hit the ogre.
The ogre is heavily wounded.
The ogre hits you with a +0 giant club.
You barely miss the ogre.
The ogre is heavily wounded.
You block the ogre's attack.
Okay, then.
It was a potion of curing.
You feel better. The ogre hits you with a +0 giant club!
You sock the ogre!
The ogre is severely wounded.
The ogre hits you with a +0 giant club!!
Ouch! That really hurt!
You die...

...#.# #.#
#.# #.#
....... #.#
#.# ......#
#. #.#
......# #.#
......+ #.#
......# #.#
......#
#.####......#
#..@O...#
#######.# #


You could see an ogre.

Vanquished Creatures
  6 adders (D:2)
  3 dart slugs
  A leopard gecko (D:1)
  A giant cockroach (D:1)
  7 goblins
  2 hobgoblins
  2 jackals (D:2)
  3 bats (D:2)
  2 frilled lizards (D:2)
  5 kobolds
  9 rats
41 creatures vanquished.

Notes
Turn   | Place    | Note
-------+----------+-------------------------------------------
     0 | D:1      | Borgoz the Ghoul Fighter began the quest for the Orb.
     0 | D:1      | Reached XP level 1. HP: 19/19 MP: 0/0
   155 | D:1      | Reached XP level 2. HP: 18/26 MP: 1/1
   691 | D:2      | Noticed Natasha
   694 | D:2      | Reached XP level 3. HP: 17/31 MP: 2/2
  1138 | D:2      | Reached skill level 1 in Dodging
  1246 | D:2      | Reached XP level 4. HP: 39/39 MP: 3/3
  1502 | D:2      | Found a faded altar of an unknown god.
  1712 | D:3      | Noticed an ogre
  1720 | D:3      | Mangled by an ogre

Illustrated notes

Levels and vault maps discovered:
D:1:      scummos_arrival_star, layout_rooms, minmay_misc_feat_hallway
D:2:      layout_basic, chequers_ecumenical_altar_simple_redux, uniq_natasha
D:3:      layout_basic, nicolae_ashenzari_panopticon, minitemple

Skill      XL: |  1  2  3 |
---------------+----------+-----
Maces & Flails | 2 |  2.9
Armour         | 3 |  3.1
Dodging        | 1 |  1.2
Shields        | 3 |  3.1
Fighting       | |  3.7

Action                   |  1- 3 |  4- 6 || total
-------------------------+-------+-------++-------
Melee: Flail             |    93 |    51 ||   144
  Use: Potion            |       |     1 ||     1
Armor: Scale mail        |    44 |    28 ||    72
Dodge: Dodged            |    39 |    20 ||    59
Block: Kite shield       |    53 |    18 ||    71
